 Dungeon Crawl Stone Soup version 0.31-a0-1206-g41278d8d1d (webtiles) character file.

Game seed: 13613154161435574959

5852 Curundu the Basher (level 10, -5/86 HPs)
             Began as a Pale Draconian Berserker on Dec 13, 2023.
             Was an Elder of Trog.
             Slain by a sun demon (13 damage)
             ... summoned by a kobold demonologist
             ... on level 9 of the Dungeon.
             The game lasted 00:35:40 (6849 turns).

Curundu the Basher (Pale Draconian Berserker)       Turns: 6849, Time: 00:35:41

Health: -5/86      AC: 15    Str: 24    XL:     10   Next: 52%
Magic:  10/10      EV: 19    Int:  7    God:    Trog [****..]
Gold:   412        SH:  0    Dex: 11    Spells: 9/9 levels left

rFire   . . .        t - +5 whip (elec)
rCold   . . .        o - orb {*Rage}
rNeg    . . .        (body armour unavailable)
rPois   .            (helmet restricted)
rElec   .            e - +0 cloak
rCorr   +            s - +0 pair of gloves
SInv    .            n - +1 pair of boots of Ohiejetecs {rCorr}
Will    .....        (no amulet)
Stlth   +++          g - +5 ring of evasion
HPRegen 0.34/turn    B - +4 ring of protection
MPRegen 0.12/turn

%: random rage (20%)
@: short of breath, on berserk cooldown, slowed, very slow
A: breathe steam, AC +7, unfitting armour, cold-blooded, steam resistance
a: Breathe Steam, Renounce Religion, Berserk, Trog's Hand, Brothers in Arms


You were on level 9 of the Dungeon.
You worshipped Trog.
Trog was greatly pleased with you.
You visited 1 branch of the dungeon, and saw 8 of its levels.

You collected 440 gold pieces.
You spent 28 gold pieces at shops.

Inventory:

Hand Weapons
 t - a +5 whip of electrocution (weapon)
 C - a +4 scimitar of freezing
Missiles
 v - 25 poisoned darts
 H - 2 boomerangs
Armour
 e - a +0 cloak (worn)
 n - the +1 pair of boots of Ohiejetecs (worn) {rCorr}
   (You found it on level 4 of the Dungeon)

   rCorr:     It protects you from acid and corrosion.
 o - an orb of wrath (worn)
 s - a +0 pair of gloves (worn)
 A - a +0 tower shield
Magical Staves
 z - a staff of death
Jewellery
 g - a +5 ring of evasion (left hand)
 B - a +4 ring of protection (right hand)
 F - a ring of see invisible
 I - a ring of ice
Wands
 m - a wand of mindburst (9)
 D - a wand of digging (3)
Scrolls
 b - 4 scrolls of identify
 d - a scroll of blinking {unknown}
 f - 4 scrolls of teleportation {unknown}
 h - 2 scrolls of brand weapon {unknown}
 p - a scroll of enchant armour {unknown}
 q - a scroll of revelation {unknown}
 u - a scroll of torment {unknown}
 w - 3 scrolls of immolation {unknown}
 y - a scroll of poison {unknown}
 E - 2 scrolls of silence
 G - a scroll of acquirement {unknown}
Potions
 a - 2 potions of degeneration {unknown}
 c - 2 potions of might {unknown}
 i - 4 potions of lignification {unknown}
 j - 2 potions of ambrosia {unknown}
 k - a potion of magic {unknown}
 l - 3 potions of curing {unknown}
 r - 4 potions of attraction {unknown}
 x - 2 potions of enlightenment {unknown}
 J - a potion of invisibility {unknown}


   Skills:
 + Level 7.5 Fighting
 + Level 6.8 Long Blades
 + Level 9.3 Maces & Flails
 + Level 7.5 Dodging
 + Level 5.0 Stealth
 + Level 1.7 Shields


You had 9 spell levels left.
You didn't know any spells.
Your spell library contained the following spells:

 Spells                   Type           Power      Damage    Failure   Level
 Necrotise                Necr           0%         1d4       43%         1
 Ensorcelled Hibernation  Hex/Ice        0%         N/A       56%         2
 Jinxbite                 Hex            0%         N/A       56%         2
 Passwall                 Tmut/Erth      0%         N/A       56%         2
 Scorch                   Fire           0%         2d5       56%         2
 Swiftness                Air            0%         N/A       80%         3
 Tukima's Dance           Hex            0%         N/A       80%         3
 Vampiric Draining        Necr           0%         2d6       80%         3
 Anguish                  Hex/Necr       0%         N/A       99%         4
 Flame Wave               Conj/Fire      0%         2d4       99%         4
 Passage of Golubria      Tloc           0%         N/A       99%         4
 Agony                    Necr           0%         N/A       100%        5
 Yara's Violent Unravell  Hex/Tmut       0%         3d3       100%        5
 Summon Cactus Giant      Summ           0%         N/A       100%        6


Dungeon Overview and Level Annotations

Branches:
Dungeon (9/15)             Temple (0/1) D:4
   Lair: D:8-11         Orc: D:9-12

Altars:
Vehumet

Shops:
D:6 ?   D:8 =


Innate Abilities, Weirdness & Mutations

You can breathe blasts of scalding, opaque steam.
Your pale cyan-grey scales are hard. (AC +7)
You cannot fit into any form of body armour.
You are cold-blooded and may be slowed by cold attacks.
You are immune to the effects of steam.


Message History

The quasit disappears in a puff of smoke!
The sun demon shouts!
The kobold demonologist hits you with a +0 dagger.
Items here: ( ))))) [ †.
You feel a strong urge to attack something.
You hit the sun demon.
The sun demon is lightly wounded.
The kobold demonologist casts a spell.
You hit the sun demon.
Your tail-slap misses the sun demon.
The sun demon is lightly wounded.
The sun demon hits you but does no damage.
You hit the sun demon.
The sun demon is moderately wounded.
The kobold demonologist mumbles some strange words.
You hit the sun demon.
The sun demon is moderately wounded.
The sun demon misses you.
You whack the sun demon! You tail-slap the sun demon!
The sun demon is severely wounded.
You hit the sun demon but do no damage.
The sun demon is severely wounded.
The sun demon misses you.
You barely miss the sun demon.
The sun demon is severely wounded.
You are no longer berserk.
You are exhausted.
You feel yourself slow down.
You hit the sun demon.
The sun demon is severely wounded.
The sun demon hits you.
You are engulfed in flames!
The kobold demonologist looks satisfied for a moment.
You hit the sun demon but do no damage.
The sun demon is severely wounded.
The sun demon hits you!!
You are engulfed in flames!
You hit the sun demon but do no damage.
The sun demon is severely wounded.
The sun demon hits you!!
* * * LOW HITPOINT WARNING * * *
You are engulfed in flames!
You die...

#.....# #..##.#
#.....# #)....#
#.....# #....5#
#...4K# #..##3#
#.[##@# #..##.#
#.....# #.....#
#.....#
############.##..#
.............##..#
#...##...##......#
#...##...........#


You could see a sun demon (summoned), an ice devil (summoned), a kobold
demonologist and a white imp (summoned).

Vanquished Creatures
  The ghost of Smoke131 the Fighter, a novice OgGl of Okawaru (D:8)
  A kobold demonologist (D:9)
  A wraith (D:9)
  2 wyverns
  A vampire (D:9)
  Grum (D:9)
  4 steam dragons
  3 water moccasins
  3 ice beasts
  4 sky beasts
  A black bear (D:5)
  4 wolves (D:9)
  2 ogres
  2 centaurs
  3 kobold brigands
  3 bullfrogs
  A gnoll sergeant (D:9)
  2 scorpions
  13 wights
  A howler monkey (D:4)
  A jelly (D:6)
  4 hounds
  4 orc priests
  A gnoll bouda (D:8)
  A sleepcap (D:4)
  3 iguanas
  Terence (D:2)
  6 orc wizards
  5 adders
  8 gnolls
  2 shadow imps
  2 white imps
  4 ufetubi
  A worm (D:4)
  10 dart slugs
  12 orcs
  4 ball pythons
  5 endoplasms (D:1)
  2 giant cockroaches (D:2)
  8 hobgoblins
  4 jackals (D:2)
  5 quokkas
  2 bats (D:2)
  A frilled lizard (D:1)
  9 goblins
  18 kobolds
  3 rats
179 creatures vanquished.

Vanquished Creatures (others)
  A kobold (D:7)
1 creature vanquished.

Grand Total: 180 creatures vanquished

Notes
Turn   | Place    | Note
-------+----------+-------------------------------------------
     0 | D:1      | Curundu the Draconian Berserker began the quest for the
                  | Orb.
     0 | D:1      | Reached XP level 1. HP: 19/19 MP: 1/1
    70 | D:1      | Reached XP level 2. HP: 15/26 MP: 2/2
   680 | D:2      | Reached XP level 3. HP: 33/33 MP: 3/3
   784 | D:2      | Reached ** piety under Trog
  1024 | D:2      | Reached XP level 4. HP: 40/40 MP: 4/4
  1082 | D:2      | Noticed Terence
  1102 | D:2      | Killed Terence
  1282 | D:2      | You fall into a shaft and drop 2 floors!
  1453 | D:4      | Found a staircase to the Ecumenical Temple.
  1501 | D:4      | Reached XP level 5. HP: 38/46 MP: 5/5
  1501 | D:4      | Identified the +1 pair of boots of Ohiejetecs {rCorr}
  1679 | D:4      | Reached skill level 1 in Shields
  1800 | D:4      | Found a radiant altar of Vehumet.
  1947 | D:4      | Noticed an ogre
  1954 | D:4      | Killed an ogre
  1955 | D:4      | Reached skill level 5 in Long Blades
  1955 | D:4      | Reached XP level 6. HP: 53/53 MP: 6/6
  2129 | D:4      | Reached *** piety under Trog
  2192 | D:5      | Entered Level 5 of the Dungeon
  2196 | D:5      | Noticed an ice beast
  2212 | D:5      | Killed an ice beast
  2219 | D:5      | Reached skill level 1 in Stealth
  2219 | D:5      | Your scales start taking on a pale cyan-grey colour.
  2219 | D:5      | Reached XP level 7. HP: 60/60 MP: 7/7
  2219 | D:5      | Gained mutation: You are immune to the effects of steam.
                  | [Pale Draconian growth]
  2363 | D:5      | Reached skill level 5 in Dodging
  3071 | D:6      | Reached skill level 5 in Fighting
  3098 | D:6      | Found The Oracle's Delphic Readings.
  3107 | D:6      | Bought a scroll of identify for 28 gold pieces
  3236 | D:6      | Noticed a steam dragon
  3243 | D:6      | Killed a steam dragon
  3244 | D:6      | Reached skill level 1 in Maces & Flails
  3244 | D:6      | Reached XP level 8. HP: 59/68 MP: 8/8
  3365 | D:6      | Reached skill level 2 in Maces & Flails
  3614 | D:6      | Reached skill level 3 in Maces & Flails
  4245 | D:7      | Reached skill level 4 in Maces & Flails
  4394 | D:7      | Reached **** piety under Trog
  4406 | D:7      | Reached XP level 9. HP: 58/75 MP: 9/9
  4799 | D:7      | Reached skill level 5 in Maces & Flails
  4958 | D:8      | Found Hubunu's Jewellery Emporium.
  5009 | D:8      | Reached skill level 6 in Maces & Flails
  5248 | D:8      | Reached skill level 7 in Maces & Flails
  5442 | D:8      | Found a large runed translucent door.
  5443 | D:8      | Found a large runed translucent door.
  5444 | D:8      | Noticed Smoke131's ghost (novice OgGl)
  5482 | D:8      | Killed Smoke131's ghost
  5483 | D:8      | Reached skill level 8 in Maces & Flails
  5483 | D:8      | Reached XP level 10. HP: 14/84 MP: 10/10
  6457 | D:9      | Noticed Grum
  6485 | D:9      | Killed Grum
  6490 | D:9      | Reached skill level 9 in Maces & Flails
  6629 | D:9      | Reached skill level 5 in Stealth
  6719 | D:9      | Noticed a rust devil
  6721 | D:9      | Noticed an orange demon
  6750 | D:9      | Noticed an orange demon
  6758 | D:9      | Noticed an orange demon
  6763 | D:9      | Noticed a rust devil
  6810 | D:9      | Noticed a soul eater
  6815 | D:9      | Noticed a smoke demon
  6838 | D:9      | Noticed a sun demon
  6849 | D:9      | Slain by a sun demon

Illustrated notes

Levels and vault maps discovered:
D:1:      dpeg_arrival_houses_and_road, layout_rooms
D:2:      layout_loops_ring, chequers_serial_rivers_large_a, uniq_terence
D:4:      layout_gridville, nicolae_overflow_hidden_temple,
          minmay_temple_entry_overgrown
D:5:      layout_rooms, st_stairs_12
D:6:      kennysheep_slugbush, layout_cave_pods, serial_rivers,
          chequers_serial_rivers_small_b, chequers_serial_rivers_small_a,
          chequers_serial_rivers_micro_e, chequers_serial_rivers_micro_c,
          chequers_serial_rivers_micro_c, chequers_serial_rivers_room_b,
          nicolae_nh_oracle_at_delphi
D:7:      layout_basic
D:8:      layout_gridville, ebering_ghost_disaster_area, serial_shops,
          nicolae_take_the_stairs, hangedman_misty_isle
D:9:      layout_stronghold, mainiacjoe_overflow_alcove_4, uniq_grum

Skill      XL: |  1  2  3  4  5  6  7  8  9 10 |
---------------+-------------------------------+-----
Dodging        | 3 4 5 6 7 |  7.5
Fighting       | 4 5 6 7 |  7.5
Long Blades    | 4 5 6 |  6.8
Shields        | 1 |  1.7
Stealth        | 1 3 4 5 |  5.0
Maces & Flails | 1 4 8 9 |  9.3

Action                     |  1- 3 |  4- 6 |  7- 9 | 10-12 || total
---------------------------+-------+-------+-------+-------++-------
  Melee: Falchion          |   129 |   128 |    47 |       ||   304
         Tailslap          |    11 |    17 |    36 |    18 ||    82
         Punch             |     1 |       |       |       ||     1
         Whip              |       |       |   296 |   180 ||   476
  Throw: Dart              |       |       |     1 |       ||     1
 Invoke: Trog's Hand       |       |     1 |     1 |     1 ||     3
Ability: Breathe Steam     |       |       |     2 |     2 ||     4
    Use: Scroll            |       |     2 |     3 |       ||     5
   Stab: Sleeping          |       |       |     3 |     2 ||     5
 Armour: Skin              |    56 |    48 |   170 |    65 ||   339
  Dodge: Dodged            |   105 |    96 |   331 |   140 ||   672
  Block: Buckler           |    10 |    18 |       |       ||    28

Table legend: (Time is in decaauts)
 A = Elapsed time spent in this place.
 B = Non-inter-level travel time spent in this place.
 C = Inter-level travel time spent in this place.
 D = Time resting spent in this place.
 E = Time spent auto-exploring this place.
 F = Levels seen in this place.
 G = Mean time per level.
                   A        B        C        D        E       F      G
               +--------+--------+--------+--------+--------+-----+--------+
         Total |   7061 |   7061 |      0 |    446 |   4444 |   8 |  882.6 |
       Dungeon |   7061 |   7061 |      0 |    446 |   4444 |   8 |  882.6 |
               +--------+--------+--------+--------+--------+-----+--------+

Top non-repeatable levels by time:
     D:8: 1258 daAuts
     D:6: 1146 daAuts
     D:4: 926 daAuts
     D:7: 893 daAuts
     D:5: 839 daAuts
     D:9: 687 daAuts
     D:1: 657 daAuts
     D:2: 653 daAuts
